 Dungeon Crawl Stone Soup version 0.20.0 (webtiles) character file.

10229 Llamajah the Blocker (level 11, -5/85 HPs)
             Began as a Formicid Fighter on July 24, 2017.
             Was a High Priest of Okawaru.
             Slain by an orc knight
             ... wielding a +0 war axe
              (19 damage)
             ... on level 10 of the Dungeon.
             The game lasted 00:25:15 (10484 turns).

Llamajah the Blocker (Formicid Fighter)            Turns: 10484, Time: 00:25:16

Health: -5/85      AC: 21    Str: 29 (30) XL:     11   Next: 89%
Magic:  8/11       EV: 14    Int:  8      God:    Okawaru [*****.]
Gold:   570        SH: 18    Dex: 11 (12) Spells: 10/10 levels left

rFire    . . .     SeeInvis +   a - +0 war axe
rCold    . . .     Gourm    .   c - +0 shield
rNeg     + . .     Faith    .   u - +0 plate armour
rPois    .         Spirit   .   (helmet unavailable)
rElec    .         Reflect  +   t - +0 cloak
rCorr    .         Harm     .   (no gloves)
MR       +....                  P - +1 pair of boots {Stlth+}
Stlth    ..........             p - +3 amulet of reflection
Regen    0.3/turn               y - +6 ring of strength
MPRegen  0.2/turn               M - ring of positive energy

@: heroism
A: permanent stasis, dig shafts and tunnels, four strong arms, antennae 3,
talons 1, agile 1, deterioration 1, screaming 1
a: Dig, Shaft Self, Heroism, Finesse, Renounce Religion


You were on level 10 of the Dungeon.
You worshipped Okawaru.
Okawaru was extremely pleased with you.
You were hungry.

You visited 2 branches of the dungeon, and saw 12 of its levels.

You collected 570 gold pieces.

Inventory:

Hand Weapons
 a - a +0 war axe (weapon)
 j - a +0 hunting sling
Missiles
 i - 109 sling bullets
Armour
 b - a +0 scale mail
 c - a +0 shield (worn)
 s - a +0 pair of boots
 t - a +0 cloak (worn)
 u - a +0 plate armour (worn)
 J - +0 acid dragon scales
 P - a +1 pair of boots of stealth (worn)
Jewellery
 p - a +3 amulet of reflection (around neck)
 y - a +6 ring of strength (left hand)
 M - a ring of positive energy (right hand)
 O - an uncursed amulet of guardian spirit
Wands
 A - a wand of flame (27/48)
 C - a wand of iceblast (4/15)
 G - a wand of lightning (6/15)
 I - a wand of polymorph (11/24)
 K - a wand of clouds (2/9)
 N - a wand of flame (18/48)
Scrolls
 e - 6 scrolls of identify {unknown}
 g - 7 scrolls of teleportation {unknown}
 h - a scroll of random uselessness {unknown}
 l - 9 scrolls of remove curse {unknown}
 m - 3 scrolls of blinking {unknown}
 n - 3 scrolls of fear {unknown}
 o - 2 scrolls of magic mapping {unknown}
 q - 2 scrolls of noise {unknown}
 r - a scroll of fog {unknown}
 v - 2 scrolls of enchant armour {unknown}
 w - 2 scrolls of acquirement {unknown}
 B - a scroll of amnesia {unknown}
 F - 2 scrolls of enchant weapon {unknown}
Potions
 x - 3 potions of agility {unknown}
 z - a potion of degeneration {unknown}
 D - a potion of lignification {unknown}
 E - a potion of flight {unknown}
 H - a potion of curing {unknown}
Comestibles
 f - 8 bread rations
 k - 11 meat rations
 L - a fruit


   Skills:
 + Level 7.6(12.6) Fighting
 + Level 6.0(11.0) Axes
 + Level 6.2(11.2) Slings
 * Level 9.8(14.8) Armour
 * Level 7.6(12.6) Dodging
 * Level 11.0(16.0) Shields


You had 10 spell levels left.
You didn't know any spells.

Dungeon Overview and Level Annotations

Branches:
Dungeon (11/15)            Temple (1/1) D:5            Lair (0/6) D:10
    Orc (0/2) D:11

Altars:
Ashenzari
Cheibriados
Dithmenos
Elyvilon
Fedhas
Gozag
Hepliaklqana
Kikubaaqudgha
Makhleb
Nemelex Xobeh
Okawaru
Qazlal
Ru
Sif Muna
Trog
Uskayaw
Vehumet
Xom
Yredelemnul
Zin
The Shining One
Beogh

Shops:
D:6 }


Innate Abilities, Weirdness & Mutations

You cannot be hasted, slowed, berserked, paralysed or teleported.
You can dig through walls and to a lower floor.
Your four strong arms can wield two-handed weapons with a shield.
You have a pair of large antennae on your head. (SInv)
You have sharp toenails.
You are agile. (Dex +2)
Your body sometimes deteriorates upon taking damage.
You occasionally shout uncontrollably at your foes.


Message History

The orc knight misses you.
You hit the orc knight but do no damage.
The orc knight is severely wounded.
You feel like a meek peon again. You block the orc knight's attack.
You closely miss the orc knight.
The orc knight is severely wounded.
You block the orc knight's attack.
You closely miss the orc knight.
The orc knight is severely wounded.
The orc knight hits you with a war axe!
You gain the combat prowess of a mighty hero.
The orc knight hits you with a war axe!!
* * * LOW HITPOINT WARNING * * *
You slash the orc knight!
The orc knight is severely wounded.
You slash the orc knight!
The orc knight is almost dead.
The orc knight hits you with a war axe!!
You die...

####........##.................
#...........###.##...##.......#
#.............>..#....###.#....
#.....#.######.#.####..........
###.......# #...# ##.........
..........# ##.)#####.........
#..#....#.########...............
##..###....#....o...####...#..###
##........#....@....###.###.## #
####..#................###.#
##..##.............####...##
###..###.##.........####..#..#
#....# #.##...........##.###.#
#....###.#####....#......# #.#
#.................:...######.###
#....##...##...##...............
#....#..........##........##.#..


You could see an orc knight.

Vanquished Creatures
  4 two-headed ogres
  An unseen horror (D:10)
  The ghost of Zerd the Thaumaturge, a novice DECj of Vehumet (D:9)
  A komodo dragon (D:11)
  A troll (D:9)
  A hornet (D:7)
  A meliai zombie (D:10)
  3 hippogriffs
  A wyvern (D:10)
  A vampire (D:11)
  A yak (D:10)
  A basilisk (D:10)
  A hungry ghost (D:7)
  An acid dragon (D:11)
  A water moccasin (D:7)
  2 sky beasts
  2 black bears (D:7)
  A phantom (D:9)
  4 orc warriors
  6 ogres
  3 necrophages
  5 centaurs
  A crocodile (D:10)
  4 bullfrogs
  2 scorpions (D:4)
  4 wights
  6 killer bees (D:9)
  An electric eel (D:9)
  A howler monkey (D:4)
  3 crimson imps
  A bullfrog zombie (D:10)
  5 orc priests (D:11)
  A centaur zombie (D:7)
  9 hounds
  A jelly (D:10)
  A bullfrog skeleton (D:10)
  4 iguanas
  5 orc wizards
  8 worker ants
  A mummy (D:10)
  A worker ant zombie (D:10)
  11 adders
  7 gnolls
  A howler monkey skeleton (D:5)
  2 shadow imps
  An ooze (D:2)
  An adder zombie (D:7)
  2 worms
  2 dart slugs (D:1)
  7 leopard geckos
  27 orcs
  3 giant cockroaches
  6 goblins
  11 hobgoblins
  7 jackals
  6 quokkas
  A ball python (D:2)
  7 bats
  3 frilled lizards
  7 kobolds
  2 quokka skeletons
  11 rats
227 creatures vanquished.

Vanquished Creatures (others)
  2 centaurs
2 creatures vanquished.

Grand Total: 229 creatures vanquished

Notes
Turn   | Place    | Note
-------+----------+-------------------------------------------
     0 | D:1      | Llamajah the Formicid Fighter began the quest for the Orb.
     0 | D:1      | Reached XP level 1. HP: 18/18 MP: 1/1
   209 | D:1      | Reached XP level 2. HP: 24/24 MP: 2/2
   273 | D:1      | Reached skill level 1 in Dodging
   287 | D:1      | Reached XP level 3. HP: 17/29 MP: 3/3
   600 | D:1      | Reached skill level 4 in Shields
   823 | D:2      | Reached XP level 4. HP: 35/35 MP: 4/4
   943 | D:2      | Gained mutation: Your muscles are strong. (Str +2) [potion of mutation]
   943 | D:2      | Gained mutation: Scrolls take you a little longer to read. [potion of mutation]
   943 | D:2      | Gained mutation: You are somewhat resistant to further mutation. [potion of mutation]
  1216 | D:2      | Lost mutation: Scrolls take you a little longer to read. [potion of mutation]
  1216 | D:2      | Lost mutation: Your muscles are strong. (Str +2) [potion of mutation]
  1216 | D:2      | Lost mutation: You are somewhat resistant to further mutation. [potion of mutation]
  1216 | D:2      | Gained mutation: You expend magic power (3 MP) to strengthen your wands. [potion of mutation]
  1216 | D:2      | Lost mutation: You expend magic power (3 MP) to strengthen your wands. [potion of mutation]
  1216 | D:2      | Gained mutation: You are agile. (Dex +2) [potion of mutation]
  1356 | D:2      | Reached XP level 5. HP: 28/42 MP: 5/5
  1905 | D:3      | Found a stormy altar of Qazlal.
  1906 | D:3      | Found an iron altar of Okawaru.
  1906 | D:3      | Found a shimmering altar of Xom.
  1907 | D:3      | Found a shattered altar of Ashenzari.
  1907 | D:3      | Found a deep blue altar of Sif Muna.
  1913 | D:3      | Became a worshipper of Warmaster Okawaru
  2385 | D:3      | Noticed an ogre
  2392 | D:3      | Killed an ogre
  2392 | D:3      | Reached skill level 5 in Shields
  2392 | D:3      | Reached XP level 6. HP: 34/48 MP: 6/6
  2407 | D:3      | Reached skill level 1 in Slings
  3217 | D:4      | Reached XP level 7. HP: 44/54 MP: 7/7
  3257 | D:4      | Reached * piety under Okawaru
  3586 | D:4      | Reached skill level 6 in Shields
  3681 | D:4      | Reached skill level 5 in Armour
  3716 | D:5      | Entered Level 5 of the Dungeon
  4023 | D:5      | Reached XP level 8. HP: 38/61 MP: 8/8
  4218 | D:5      | Lost mutation: You are agile. (Dex +2) [potion of mutation]
  4218 | D:5      | Gained mutation: Your flesh is cold resistant. (rC+) [potion of mutation]
  4218 | D:5      | Gained mutation: Your body sometimes deteriorates upon taking damage. [potion of mutation]
  4218 | D:5      | Gained mutation: You are agile. (Dex +2) [potion of mutation]
  4218 | D:5      | Gained mutation: You are very agile. (Dex +4) [potion of mutation]
  4219 | D:5      | Lost mutation: You are very agile. (Dex +4) [potion of mutation]
  4219 | D:5      | Lost mutation: Your flesh is cold resistant. (rC+) [potion of mutation]
  4219 | D:5      | Gained mutation: You occasionally shout uncontrollably at your foes. [potion of mutation]
  4219 | D:5      | Gained mutation: You have sharp toenails. [potion of mutation]
  4328 | D:5      | Found a sparkling altar of Nemelex Xobeh.
  4339 | D:5      | Found a white marble altar of Elyvilon.
  4468 | D:5      | Found a staircase to the Ecumenical Temple.
  4499 | Temple   | Entered the Ecumenical Temple
  4892 | D:6      | Found a shadowy altar of Dithmenos.
  4927 | D:6      | Reached ** piety under Okawaru
  5212 | D:6      | Found a snail-covered altar of Cheibriados.
  5221 | D:6      | Found Qerora Wuyky's Gadget Boutique.
  5759 | D:7      | Reached skill level 5 in Fighting
  5759 | D:7      | Reached skill level 7 in Shields
  5761 | D:7      | Noticed a hornet
  5790 | D:7      | Killed a hornet
  5790 | D:7      | Reached XP level 9. HP: 43/68 MP: 9/9
  6112 | D:7      | Reached *** piety under Okawaru
  6238 | D:7      | Reached skill level 8 in Shields
  6298 | D:7      | Noticed a hippogriff
  6306 | D:7      | Killed a hippogriff
  6306 | D:7      | Reached skill level 5 in Dodging
  6517 | D:7      | Found a sparkling altar of Nemelex Xobeh.
  7429 | D:8      | Found a hazy altar of Hepliaklqana.
  7481 | D:9      | Reached XP level 10. HP: 68/76 MP: 10/10
  7491 | D:9      | Noticed a two-headed ogre
  7501 | D:9      | Killed a two-headed ogre
  7501 | D:9      | Reached **** piety under Okawaru
  7501 | D:9      | Reached skill level 9 in Shields
  7645 | D:9      | Reached skill level 5 in Slings
  7811 | D:9      | Noticed Zerd's ghost (novice DECj)
  7836 | D:9      | Killed Zerd's ghost
  7836 | D:9      | Reached skill level 5 in Axes
  8306 | D:9      | Noticed a two-headed ogre
  8316 | D:9      | Killed a two-headed ogre
  8316 | D:9      | Reached XP level 11. HP: 61/83 MP: 11/11
  8697 | D:10     | Entered Level 10 of the Dungeon
  8707 | D:10     | Noticed an unseen horror
  8724 | D:10     | Killed an unseen horror
  8724 | D:10     | Received a gift from Okawaru
  8724 | D:10     | Reached skill level 10 in Shields
  8830 | D:10     | Found a staircase to the Lair.
  8869 | D:10     | Received a gift from Okawaru
  9002 | D:10     | Reached ***** piety under Okawaru
  9398 | D:10     | Noticed a two-headed ogre
  9408 | D:10     | HP: 4/84 [two-headed ogre/giant spiked club (17)]
  9409 | D:10     | Killed a two-headed ogre
 10052 | D:11     | Noticed a two-headed ogre
 10066 | D:11     | Killed a two-headed ogre
 10066 | D:11     | Received a gift from Okawaru
 10066 | D:11     | Reached skill level 11 in Shields
 10424 | D:11     | Found a roughly hewn altar of Beogh.
 10424 | D:11     | Found a staircase to the Orcish Mines.
 10424 | D:11     | Noticed an orc knight
 10484 | D:10     | Slain by an orc knight

Skill      XL: |  1  2  3  4  5  6  7  8  9 10 11 |
---------------+----------------------------------+-----
Dodging        | 1 2 3 4 5 6 7 |  7.6
Shields        | 4 5 6 7 8 9 11 | 11.0
Armour         | 4 5 6 7 8 9 |  9.8
Fighting       | 4 5 6 7 |  7.6
Slings         | 1 2 3 4 5 6 |  6.2
Axes           | 3 4 5 6 |  6.0

Action                   |  1- 3 |  4- 6 |  7- 9 | 10-12 || total
-------------------------+-------+-------+-------+-------++-------
Melee: War axe           |    82 |   167 |   296 |   475 ||  1020
 Fire: Hunting sling     |       |       |       |    10 ||    10
Invok: Heroism           |       |       |     1 |    19 ||    20
  Use: Potion            |       |     4 |     4 |     2 ||    10
  Eat: Chunk             |       |     8 |    14 |    10 ||    32
Armor: Scale mail        |    41 |    61 |       |       ||   102
       Plate armour      |       |    16 |   113 |   146 ||   275
Dodge: Dodged            |    35 |    49 |    89 |   167 ||   340
Block: Shield            |    45 |   121 |   252 |   437 ||   855
       Reflection        |       |       |    12 |     8 ||    20
